 Dungeon Crawl Stone Soup version 0.31-a0-675-g238779eb0a (webtiles) character file.

Game seed: 7964457510132644771

2153 qw the Skirmisher (level 9, -5/57 HPs)
             Began as a Gargoyle Hunter on Sept 5, 2023.
             Killed from afar by an acid dragon (36 damage)
             ... with a splash of acid
             ... on level 8 of the Dungeon.
             The game lasted 00:02:28 (5751 turns).

qw the Skirmisher (Gargoyle Hunter)                 Turns: 5751, Time: 00:02:28

Health: -5/57      AC: 12    Str: 16    XL:     9   Next: 31%
Magic:  9/9        EV: 11    Int:  9    God:
Gold:   348        SH:  0    Dex: 17    Spells: 8/8 levels left

rFire   + . .        Y - +0 orcbow (flame)
rCold   + . .        (shield currently unavailable)
rNeg    + . .        a - +0 ring mail
rPois   inf          d - +2 hat
rElec   +            e - scarf {rC+ rF+}
rCorr   .            (no gloves)
SInv    .            h - +1 pair of boots {Fly}
Will    .....        (no amulet)
Stlth   +            (no ring)
HPRegen 0.29/turn    (no ring)
MPRegen 0.11/turn

%: no passive effects
@: corroded, flying
A: sickness immunity, AC +6, negative energy resistance 1, electricity
resistance, torment resistance 1, petrification resistance
a: no special abilities


You were on level 8 of the Dungeon.
You visited 2 branches of the dungeon, and saw 9 of its levels.

You collected 474 gold pieces.
You spent 126 gold pieces at shops.


Innate Abilities, Weirdness & Mutations

You are immune to sickness and miasma.
Your stone body is resilient. (AC +6)
You are immune to poison.
You resist negative energy. (rN+)
You are resistant to electric shocks. (rElec)
You are resistant to unholy torment.
You are immune to petrification.


   Skills:
 - Level 7.2 Fighting
 + Level 10.5 Ranged Weapons
 - Level 2.8 Armour
 - Level 2.0 Dodging
 - Level 1.1 Stealth


You had 8 spell levels left.
You didn't know any spells.
Your spell library was empty.

Inventory:

Hand Weapons
 Y - a +0 orcbow of flaming (weapon)
Armour
 a - a +0 ring mail (worn)
 d - a +2 hat (worn)
 e - a scarf of resistance (worn)
 h - a +1 pair of boots of flying (worn)
Scrolls
 f - 5 scrolls of identify
 i - 7 scrolls of teleportation
Potions
 b - a potion of might
 g - 2 potions of mutation
 j - 2 potions of haste
 k - a potion of enlightenment
 l - a potion of heal wounds

Dungeon Overview and Level Annotations

Branches:
Dungeon (8/15)             Temple (1/1) D:4
   Lair: D:8-11

Altars:
Ashenzari
Cheibriados
Dithmenos
Fedhas
Gozag
Hepliaklqana
Kikubaaqudgha
Nemelex Xobeh
Qazlal
Ru
Sif Muna
Trog
Uskayaw
Vehumet
Wu Jian
Xom
Yredelemnul
Zin
The Shining One

Shops:
D:4 [=


Message History

The acid dragon spits acid at you. The splash of acid hits you!
The acid corrodes you!
You shoot an arrow.
The arrow barely misses the acid dragon.
The acid dragon bites you but does no damage.
The acid dragon claws you but does no damage.
You shoot an arrow.
The arrow barely misses the acid dragon.
The acid dragon closely misses you.
The acid dragon claws you but does no damage.
You shoot an arrow.
The arrow hits the acid dragon but does no damage.
The acid dragon is moderately wounded.
The acid dragon bites you.
The acid dragon claws you but does no damage.
You shoot an arrow.
The arrow closely misses the acid dragon.
The acid dragon spits acid at you. The splash of acid misses you.
You shoot an arrow.
The arrow closely misses the acid dragon.
The acid dragon bites you but does no damage.
The acid dragon closely misses you.
You shoot an arrow.
The arrow hits the acid dragon but does no damage.
The acid dragon is moderately wounded.
The acid dragon bites you. The acid dragon barely misses you.
You shoot an arrow.
The arrow closely misses the acid dragon.
The acid dragon bites you! The acid dragon barely misses you.
You shoot an arrow.
The arrow closely misses the acid dragon.
The acid dragon barely misses you. x2
You shoot an arrow.
The arrow hits the acid dragon but does no damage.
The acid dragon is moderately wounded.
The acid dragon spits acid at you. The splash of acid hits you!!!
Ouch! That really hurt!
You die...

..........#.....#.....
.........>#.....#.....
#############.....#.....
..................#.....
..................#.....
..................#.....
..................#.....
......%......###########
....###@###### .
#...D...... #..........
#.......... #..........
#.....####. ##+####


You could see an acid dragon (catching breath).

Vanquished Creatures
  A water moccasin (D:7)
  2 sky beasts
  A black bear (D:5)
  An ogre (D:4)
  A centaur (D:6)
  3 kobold brigands
  A phantom (D:6)
  2 bullfrogs
  A scorpion (D:7)
  5 wights (D:7)
  2 electric eels (D:6)
  5 howler monkeys
  A hound (D:7)
  2 jellies (D:4)
  An orc priest (D:6)
  5 iguanas
  2 sleepcaps
  3 orc wizards
  8 adders
  3 gnolls
  An ufetubus (D:5)
  A worm (D:3)
  4 dart slugs
  13 orcs
  3 ball pythons
  9 endoplasms
  14 giant cockroaches
  7 goblins
  5 hobgoblins
  10 jackals
  2 quokkas (D:1)
  10 bats
  4 frilled lizards
  11 kobolds
  6 rats
150 creatures vanquished.

Notes
Turn   | Place    | Note
-------+----------+-------------------------------------------
     0 | D:1      | qw the Gargoyle Hunter began the quest for the Orb.
     0 | D:1      | Reached XP level 1. HP: 12/12 MP: 1/1
     0 | D:1      | 0 ||| qw: Version: 0.3-a-75-g829b12e
     0 | D:1      | 0 ||| qw: Game counter: 30
     0 | D:1      | 0 ||| qw: Melee chars always use a shield: true
     0 | D:1      | 0 ||| qw: God list: Okawaru
     0 | D:1      | 0 ||| qw: Allow faded altars: false
     0 | D:1      | 0 ||| qw: Do Orc after clearing Dungeon:15 true
     0 | D:1      | 0 ||| qw: Do second Lair branch before Depths: true
     0 | D:1      | 0 ||| qw: Lair rune preference: random
     0 | D:1      | 0 ||| qw: Goals: Normal
     0 | D:1      | 0 ||| PLANNING D:1-11
    75 | D:1      | Reached XP level 2. HP: 15/17 MP: 2/2
   209 | D:1      | Reached XP level 3. HP: 21/21 MP: 3/3
   266 | D:1      | Reached skill level 5 in Ranged Weapons
   837 | D:1      | 837 ||| UPGRADING to +2 hat.
   842 | D:1      | 842 ||| READING 2 scrolls labelled OGOPHEUWATUO.
   843 | D:1      | 843 ||| READING scroll of enchant weapon.
   843 | D:1      | 843 ||| ENCHANTING +1 shortbow.
   844 | D:1      | 844 ||| READING 2 scrolls labelled OSUSAO AZEO.
   845 | D:1      | 845 ||| READING scroll labelled UNKOBB MUREFRAJ.
   846 | D:1      | 846 ||| READING 2 scrolls labelled GEJOIH TANIUS.
   849 | D:1      | 849 ||| DROPPING scroll of butterflies.
   872 | D:2      | 872 ||| STAIRDANCE
   878 | D:2      | 878 ||| STAIRDANCE
   885 | D:2      | 885 ||| STAIRDANCE
   907 | D:2      | Reached skill level 3 in Fighting
   907 | D:2      | 907 ||| STAIRDANCE
   987 | D:2      | Reached XP level 4. HP: 28/28 MP: 4/4
  1313 | D:2      | Reached XP level 5. HP: 30/32 MP: 5/5
  1393 | D:2      | 1393 ||| READING scroll labelled FODDAT DIO.
  1428 | D:3      | 1428 ||| STAIRDANCE
  1505 | D:3      | Reached skill level 6 in Ranged Weapons
  1601 | D:3      | Identified the +1 hand axe "Goblinbane" {antimagic, Str-5
                  | Dex+2 Stlth+}
  1876 | D:3      | You fall into a shaft and drop 1 floor!
  1890 | D:4      | Reached XP level 6. HP: 38/38 MP: 6/6
  2089 | D:4      | 2089 ||| READING scroll labelled UKUGAI HEKKOIL.
  2090 | D:4      | 2090 ||| READING 7 scrolls of identify.
  2090 | D:4      | 2090 ||| IDENTIFYING fizzy ruby potion
  2091 | D:4      | 2091 ||| READING 6 scrolls of identify.
  2091 | D:4      | 2091 ||| IDENTIFYING pink potion
  2092 | D:4      | 2092 ||| READING 5 scrolls of identify.
  2092 | D:4      | 2092 ||| IDENTIFYING murky coppery potion
  2093 | D:4      | 2093 ||| READING 4 scrolls of identify.
  2093 | D:4      | 2093 ||| IDENTIFYING fizzy yellow potion
  2094 | D:4      | 2094 ||| READING 3 scrolls of identify.
  2094 | D:4      | 2094 ||| IDENTIFYING sedimented blue potion
  2095 | D:4      | 2095 ||| READING 2 scrolls of identify.
  2095 | D:4      | 2095 ||| IDENTIFYING bubbling coppery potion
  2096 | D:4      | 2096 ||| DROPPING potion of degeneration.
  2097 | D:4      | 2097 ||| DROPPING potion of berserk rage.
  2098 | D:4      | 2098 ||| DROPPING potion of brilliance.
  2346 | D:3      | 2346 ||| UPGRADING to +0 ring mail.
  2356 | D:3      | 2356 ||| DROPPING +0 leather armour.
  2357 | D:3      | 2357 ||| UPGRADING to scarf of resistance.
  2362 | D:3      | 2362 ||| READING scroll labelled ARIDEE POTIEDD.
  2363 | D:3      | 2363 ||| DRINKING 2 yellow potions.
  2392 | D:4      | Reached skill level 1 in Armour
  2511 | D:4      | Found Rofoa's Armour Shop.
  2514 | D:4      | 2514 ||| BUYING +0 pair of boots of flying (126 gold).
  2514 | D:4      | Bought a +0 pair of boots of flying for 126 gold pieces
  2514 | D:4      | 2514 ||| SHOPLISTING +2 cloak of the Thief {*Fog Slay-2
                  | SInv Stlth+} (221 gold, have 60).
  2630 | D:4      | Found a sacrificial altar of Ru.
  2670 | D:4      | Found a staircase to the Ecumenical Temple.
  2671 | D:4      | 2671 ||| PLANNING TEMPLE
  2671 | D:4      | 2671 ||| UPGRADING to +0 pair of boots of flying.
  2676 | D:4      | 2676 ||| READING scroll labelled YRYSTR BIUFO.
  2677 | D:4      | 2677 ||| DRINKING 2 emerald potions.
  2678 | D:4      | 2678 ||| DROPPING potion of attraction.
  2686 | Temple   | Entered the Ecumenical Temple
  2687 | Temple   | 2687 ||| PLANNING D:1-11
  2790 | D:4      | Found Volou's Jewellery Shop.
  2794 | D:4      | 2794 ||| SHOPLISTING +4 ring of protection (504 gold, have
                  | 87).
  2794 | D:4      | 2794 ||| SHOPLISTING +4 ring of slaying (1092 gold, have
                  | 87).
  2794 | D:4      | 2794 ||| SHOPLISTING +5 ring of evasion (504 gold, have
                  | 87).
  2794 | D:4      | 2794 ||| SHOPLISTING +6 ring of strength (504 gold, have
                  | 87).
  3040 | D:4      | 3040 ||| DRINKING 2 puce potions.
  3083 | D:4      | 3083 ||| DROPPING potion of lignification.
  3096 | D:5      | Entered Level 5 of the Dungeon
  3108 | D:5      | Reached skill level 7 in Ranged Weapons
  3113 | D:5      | Noticed a black bear
  3114 | D:5      | 3114 ||| FLEEEEING.
  3117 | D:5      | 3117 ||| STAIRDANCE
  3135 | D:5      | 3135 ||| STAIRDANCE
  3143 | D:5      | 3143 ||| STAIRDANCE
  3257 | D:5      | 3257 ||| STAIRDANCE
  3262 | D:4      | HP: 9/38 [ogre/+0 giant club (14)]
  3263 | D:4      | 3263 ||| READING 3 scrolls of teleportation.
  3264 | D:4      | 3264 ||| DRINKING potion of heal wounds.
  3268 | D:4      | Reached XP level 7. HP: 15/43 MP: 7/7
  3473 | D:5      | Reached skill level 8 in Ranged Weapons
  3475 | D:5      | 3475 ||| FLEEEEING.
  3476 | D:5      | 3476 ||| FLEEEEING.
  3477 | D:5      | 3477 ||| FLEEEEING.
  3478 | D:5      | 3478 ||| FLEEEEING.
  3479 | D:5      | 3479 ||| STAIRDANCE
  3498 | D:4      | 3498 ||| READING scroll labelled GAKKUNK ZOCEWK.
  3498 | D:4      | Identified a scroll of acquirement
  3498 | D:4      | 3498 ||| ACQUIRING +0 orcbow of flaming
  3498 | D:4      | Acquired a +0 orcbow of flaming
  3500 | D:4      | 3500 ||| SWAPPING to +0 orcbow of flaming.
  3501 | D:4      | 3501 ||| DROPPING +2 shortbow.
  3837 | D:5      | Found a shadowy altar of Dithmenos.
  3965 | D:6      | 3965 ||| RETREATING.
  3979 | D:6      | Reached XP level 8. HP: 45/49 MP: 8/8
  4079 | D:6      | Found a hazy altar of Hepliaklqana.
  4080 | D:6      | Found a glowing silver altar of Zin.
  4381 | D:6      | 4381 ||| FLEEEEING.
  4564 | D:6      | Reached skill level 9 in Ranged Weapons
  4609 | D:6      | 4609 ||| Stepping ~*~*~tactically~*~*~ (outnumbered).
  4931 | D:6      | 4931 ||| READING scroll labelled VUINIF PUKK.
  4932 | D:6      | 4932 ||| DRINKING 2 sedimented coppery potions.
  4933 | D:6      | 4933 ||| DRINKING 2 grey potions.
  4934 | D:6      | 4934 ||| DRINKING 2 metallic sapphire potions.
  4935 | D:6      | 4935 ||| DRINKING potion of curing.
  4935 | D:6      | 4935 ||| (to cure confusion)
  4936 | D:6      | 4936 ||| DROPPING potion of ambrosia.
  4964 | D:7      | Reached skill level 6 in Fighting
  4979 | D:7      | 4979 ||| Stepping ~*~*~tactically~*~*~ (outnumbered).
  4992 | D:7      | 4992 ||| FLEEEEING.
  4993 | D:7      | 4993 ||| FLEEEEING.
  4994 | D:7      | 4994 ||| FLEEEEING.
  4995 | D:7      | 4995 ||| STAIRDANCE
  5036 | D:7      | 5036 ||| STAIRDANCE
  5103 | D:7      | 5103 ||| RETREATING.
  5105 | D:7      | 5105 ||| Stepping ~*~*~tactically~*~*~ (retreating).
  5106 | D:7      | 5106 ||| Stepping ~*~*~tactically~*~*~ (retreating).
  5110 | D:7      | 5110 ||| Stepping ~*~*~tactically~*~*~ (retreating).
  5111 | D:7      | 5111 ||| Stepping ~*~*~tactically~*~*~ (retreating).
  5112 | D:7      | 5112 ||| Stepping ~*~*~tactically~*~*~ (retreating).
  5117 | D:7      | Reached skill level 10 in Ranged Weapons
  5117 | D:7      | Reached XP level 9. HP: 37/56 MP: 9/9
  5216 | D:7      | 5216 ||| Stepping ~*~*~tactically~*~*~ (outnumbered).
  5237 | D:7      | Found a flagged portal.
  5295 | D:7      | 5295 ||| READING scroll of enchant armour.
  5295 | D:7      | 5295 ||| ENCHANTING +0 pair of boots of flying.
  5649 | D:7      | 5649 ||| READING 2 scrolls labelled TODUFO NYERR.
  5650 | D:7      | 5650 ||| DROPPING scroll of revelation.
  5751 | D:8      | Killed from afar by an acid dragon

Levels and vault maps discovered:
D:1:      lemuel_arrival_behind_the_door_small, layout_loops_ring,
          chequers_big_river, chequers_serial_rivers_micro_d
D:2:      minmay_roachtagon, layout_rooms
D:3:      layout_loops_cross, kennysheep_generic_room_5
D:4:      layout_basic, nicolae_ru_awakened_eye, minmay_temple_entry_overgrown,
          serial_shops, nicolae_shop_real_fake_doors,
          minmay_shop_enchanted_jewellery
D:5:      layout_rooms, grunt_dithmenos_smoke_and_mirrors
D:6:      kennysheep_spiral_hall, layout_basic, nicolae_overflow_squiral,
          water_maze_lemuel
D:7:      layout_cave_pools, enter_bailey_2
D:8:      layout_gridville, minmay_manual_maat
Temple:   regret_index_temple_generic_petals

Skill      XL: |  1  2  3  4  5  6  7  8  9 |
---------------+----------------------------+-----
Ranged Weapons | 5 6 7 8 10 | 10.5
Fighting       | 3 4 5 6 7 |  7.2
Armour         | 1 2 |  2.8
Dodging        | 2 |  2.0
Stealth        | |  1.1

Action                     |  1- 3 |  4- 6 |  7- 9 || total
---------------------------+-------+-------+-------++-------
   Fire: Shortbow          |   104 |   187 |    29 ||   320
         Orcbow            |       |       |   203 ||   203
    Use: Scroll            |     5 |    11 |     4 ||    20
         Potion            |       |     4 |     4 ||     8
 Armour: Leather armour    |    30 |    50 |       ||    80
         Ring mail         |       |    19 |   117 ||   136
  Dodge: Dodged            |    35 |    56 |    78 ||   169

Table legend:
 A = Non-vault XP
 B = Vault XP
 C = Vault XP percentage of total XP
 D = Non-vault monster count
 E = Vault monster count
 F = Vault count percentage of total count
                 A         B        C        D         E       F
            +---------+---------+-------+---------+---------+-------
      Total |    2706 |     370 |  12.0 |     132 |      18 |  12.0
            +---------+---------+-------+---------+---------+-------
        D:1 |      66 |       0 |   0.0 |      32 |       0 |   0.0
        D:2 |      80 |      24 |  23.1 |      17 |      12 |  41.4
        D:3 |     107 |       6 |   5.3 |      21 |       2 |   8.7
        D:4 |     395 |       0 |   0.0 |      16 |       0 |   0.0
        D:5 |     319 |       0 |   0.0 |      12 |       0 |   0.0
        D:6 |     446 |     340 |  43.3 |      10 |       4 |  28.6
        D:7 |    1132 |       0 |   0.0 |      21 |       0 |   0.0
        D:8 |     161 |       0 |   0.0 |       3 |       0 |   0.0
            +---------+---------+-------+---------+---------+-------
